 Dungeon Crawl Stone Soup version 0.24.0-1-gfbc8707 (webtiles) character file.

Game seed: 14268921566488703787, levelgen mode: deterministic

57 Cinza the Cudgeler (level 4, -17/27 HPs)
             Began as a Gargoyle Gladiator on Oct 30, 2019.
             Was an Initiate of Kikubaaqudgha.
             Demolished by an Executioner (22 damage)
             ... on level 1 of the Abyss.
             The game lasted 00:16:28 (1767 turns).

Cinza the Cudgeler (Gargoyle Gladiator)             Turns: 1767, Time: 00:16:28

Health: -17/27     AC:  7    Str: 19      XL:     4   Next: 0%
Magic:  4/4        EV: 12    Int:  8      God:    Kikubaaqudgha [......]
Gold:   81         SH:  0    Dex:  9 (11) Spells: 3/3 levels left

rFire    . . .     SeeInvis .   i - +0 mace
rCold    . . .     Gourm    .   (no shield)
rNeg     + . .     Faith    .   b - +0 leather armour
rPois    ∞         Spirit   .   c - +0 helmet
rElec    +         Reflect  .   (no cloak)
rCorr    .         Harm     +   (no gloves)
MR       .....                  (no boots)
Stlth    +.........             e - amulet of harm
HPRegen  0.09/turn              (no ring)
MPRegen  0.09/turn              (no ring)

@: no status effects
A: negative energy resistance 1, electricity resistance, unbreathing,
petrification resistance, rot immunity, AC +3
a: Renounce Religion


You were on level 1 of the Abyss.
You worshipped Kikubaaqudgha.
Kikubaaqudgha was noncommittal.
You were not hungry.

You visited 1 branch of the dungeon, and saw 3 of its levels.
You visited the Abyss 1 time.

You collected 81 gold pieces.

Inventory:

Hand Weapons
 a - a +0 flail
 i - a +0 mace (weapon)
 l - a +0 great mace
Missiles
 d - 3 throwing nets (quivered)
Armour
 b - a +0 leather armour (worn)
 c - a +0 helmet (worn)
 m - a +0 chain mail
 o - the +3 chain mail of the Red Skies {rN+ MP+9, unknown}
   (You found it on level 1 of the Abyss)

   It protects you from negative energy.
   It affects your magic capacity (+9).
Jewellery
 e - an amulet of harm (around neck)
Scrolls
 k - a scroll of amnesia
Potions
 g - a potion of magic {unknown}
 h - a potion of cancellation
 n - a potion of invisibility {unknown}
Miscellaneous
 p - a lamp of fire
Comestibles
 f - 2 rations


   Skills:
 * Level 2.6 Fighting
 * Level 3.7 Maces & Flails
 + Level 1.7 Throwing
 + Level 1.0 Armour
 * Level 3.0 Dodging
 + Level 0.2 Stealth


You had 3 spell levels left.
You didn't know any spells.
Your spell library was empty.

Dungeon Overview and Level Annotations

Branches:
Dungeon (3/15)

Altars:
Kikubaaqudgha


Innate Abilities, Weirdness & Mutations

You are resistant to torment.
Your stone body is resilient. (AC +3)
You are immune to poison.
You resist negative energy. (rN+)
You are resistant to electric shocks. (rElec)
You can survive without breathing.
You are immune to petrification.
You are immune to rotting.


Message History

The quasit bites you but does no damage.
The quasit claws you but does no damage.
The quasit barely misses you. The quasit closely misses you.
The quasit claws you but does no damage.
The quasit barely misses you. The quasit misses you.
The quasit claws you but does no damage. x2
The quasit closely misses you. x3
An Executioner comes into view.
The Executioner gives a hideous shriek!
The Executioner gestures.
The Executioner seems to speed up.
The quasit bites you but does no damage.
The quasit misses you.
The quasit claws you but does no damage.
The Executioner hits you!!
Ouch! That really hurt!
You die...
Kikubaaqudgha rasps: "You have failed me!
Welcome... oblivion!"

# #. # ##.#.....#
####... .#5
.........###...## . ..
....#...#♣≈#...#.5# #
♣##.≈..≈≈≈♣Z≈.#..#X.#
#≈#≈.≈≈≈≈≈#≈≈#.≈h....##
≈≈..≈≈≈≈≈≈#≈♣55.## .#..
#≈≈≈#..≈≈X.#.##... ..
#≈≈1@.5≈≈..##.# . ..#
#....#.##........#.. ...
..............##.###..#.
# ....#...#...##.# .# #
##......###..#### #..
...#...# ##... .###.##.
##### ## .. ..


You could see a tentacled starspawn, an Executioner, 2 iron imps and a quasit.

Vanquished Creatures
  2 adders
  A dart slug (D:2)
  A leopard gecko (D:1)
  4 orcs (D:3)
  2 bats
  2 bat zombies (D:2)
  2 giant cockroaches
  5 goblins
  3 hobgoblins
  A kobold (D:2)
  2 ball pythons (D:2)
  2 frilled lizards
  A rat (D:2)
  2 rat zombies (D:2)
30 creatures vanquished.

Vanquished Creatures (others)
  An ancient zyme (Abyss:1)
  2 starspawn tentacles (Abyss:1)
3 creatures vanquished.

Grand Total: 33 creatures vanquished

Notes
Turn   | Place    | Note
-------+----------+-------------------------------------------
     0 | D:1      | Cinza the Gargoyle Gladiator began the quest for the Orb.
     0 | D:1      | Reached XP level 1. HP: 12/12 MP: 1/1
   381 | D:1      | Reached XP level 2. HP: 14/18 MP: 2/2
   975 | D:2      | Reached XP level 3. HP: 18/22 MP: 3/3
  1404 | D:2      | Found an ancient bone altar of Kikubaaqudgha.
  1413 | D:2      | Became a worshipper of Kikubaaqudgha
  1652 | D:3      | Reached skill level 1 in Armour
  1652 | D:3      | Reached XP level 4. HP: 15/27 MP: 4/4
  1663 | D:3      | Cast into level 1 of the Abyss (orc)
  1676 | Abyss:1  | Noticed a five-headed hydra simulacrum
  1686 | Abyss:1  | Got a transparent chain mail
  1717 | Abyss:1  | Noticed a starcursed mass
  1740 | Abyss:1  | Noticed a raiju
  1740 | Abyss:1  | Noticed a tentacled starspawn
  1741 | Abyss:1  | Killed an ancient zyme
  1765 | Abyss:1  | Noticed an Executioner
  1767 | Abyss:1  | Demolished by an Executioner

Levels and vault maps discovered:
D:1:      evilmike_arrival_rings, layout_basic
D:2:      layout_basic, lemuel_zombie_altar_kikubaaqudgha, first_ration
D:3:      layout_loops_ring, minmay_hedge_maze, lemuel_statue_altar
Abyss:1:  hangedman_elemental_corridor

Skill      XL: |  1  2  3 |
---------------+----------+-----
Dodging        | 3 |  3.0
Armour         | 1 |  1.0
Fighting       | |  2.6
Maces & Flails | |  3.7
Throwing       | |  1.7
Stealth        | |  0.2

Action                   |  1- 3 |  4- 6 || total
-------------------------+-------+-------++-------
Melee: Flail             |    22 |       ||    22
       Mace              |    88 |     6 ||    94
  Use: Scroll            |     4 |     1 ||     5
  Eat: Ration            |     1 |       ||     1
Armor: Leather armour    |    59 |    11 ||    70
Dodge: Dodged            |    91 |    17 ||   108
